 Dungeon Crawl Stone Soup version 0.23.0 (webtiles) character file.

Game seed: 61274616086044398

9247 Ihlosi the Fighter (level 11, 0/71 HPs)
             Began as a Kobold Fighter on Feb 15, 2019.
             Was a Believer of the Shining One.
             Slain by a black mamba (14 damage)
             ... on level 2 of the Lair of Beasts on Feb 16, 2019.
             The game lasted 00:27:44 (10126 turns).

Ihlosi the Fighter (Kobold Fighter)                Turns: 10126, Time: 00:27:44

Health: 0/71       AC: 11    Str: 17    XL:     11   Next: 70%
Magic:  15/15      EV: 15    Int:  9    God:    the Shining One [**....]
Gold:   488        SH:  8    Dex: 15    Spells: 9/10 levels left

rFire    + . .     SeeInvis .   a - +4 scimitar (flame)
rCold    . . .     Gourm    .   Q - +2 buckler
rNeg     + . .     Faith    .   C - +0 scale mail
rPois    +         Spirit   .   O - +0 helmet
rElec    .         Reflect  .   g - +0 cloak
rCorr    .         Harm     .   p - +0 pair of gloves
MR       .....                  (no boots)
Stlth    ..........             q - amulet of rage
HPRegen  0.21/turn              e - ring of poison resistance
MPRegen  0.14/turn              G - ring of protection from fire

@: glowing
A: small, carnivore
a: Divine Shield, Renounce Religion, Evoke Berserk Rage


You were on level 2 of the Lair of Beasts.
You worshipped the Shining One.
The Shining One was pleased with you.
You were full.

You visited 3 branches of the dungeon, and saw 13 of its levels.

You collected 488 gold pieces.

Inventory:

Hand Weapons
 a - a +4 scimitar of flaming (weapon)
 b - a +2 long sword of slicing
 d - a +6 morningstar of freezing
 K - a +2 falchion
 L - a +0 long sword
Missiles
 k - 25 poisoned needles
 s - 65 bolts
 v - 5 throwing nets (quivered)
Armour
 c - a +0 shield
 g - a +0 cloak (worn)
 p - a +0 pair of gloves (worn)
 z - a +1 robe of resistance
 C - a +0 scale mail (worn)
 O - a +0 helmet (worn)
 Q - a +2 buckler (worn)
Jewellery
 e - a ring of poison resistance (left hand)
 q - an amulet of rage (around neck)
 B - an uncursed ring of stealth
 E - an uncursed ring of wizardry
 G - a ring of protection from fire (right hand)
Wands
 r - a wand of iceblast (19)
 A - a wand of flame (26)
 M - a wand of enslavement (3)
Scrolls
 h - 4 scrolls of teleportation
 l - a scroll of fog
 o - a scroll of noise
 u - 6 scrolls of amnesia
 y - 4 scrolls of remove curse
 I - 4 scrolls of identify
Potions
 i - 2 potions of curing
 n - 6 potions of lignification
 t - 3 potions of resistance
 w - 3 potions of brilliance
 D - a potion of flight
 H - 3 potions of agility
 J - a potion of invisibility
 P - a potion of haste
Comestibles
 f - 18 rations


   Skills:
 * Level 9.6 Fighting
 * Level 8.5 Long Blades
 - Level 6.2 Armour
 - Level 6.0 Dodging
 - Level 6.0 Shields
 - Level 6.1 Evocations


You had 9 spell levels left.
You knew the following spells:

 Your Spells              Type           Power        Failure   Level  Hunger
a - Apportation           Tloc           #.....       77%         1    ##.....

Your spell library contained the following spells:

 Spells                   Type           Power        Failure   Level  Hunger
 Animate Skeleton         Necr           N/A          77%         1    ##.....
 Confusing Touch          Hex            #.....       77%         1    ##.....
 Corona                   Hex            #......      77%         1    ##.....
 Freeze                   Ice            #...         77%         1    ##.....
 Summon Small Mammal      Summ           #...         77%         1    ##.....
 Ensorcelled Hibernation  Hex/Ice        #.....       88%         2    ###....
 Throw Frost              Conj/Ice       #.....       88%         2    ###....
 Confuse                  Hex            #.......     98%         3    ####...
 Dazzling Spray           Conj/Hex       #.....       98%         3    ####...
 Gell's Gravitas          Tloc           #.........   98%         3    ####...
 Ozocubu's Armour         Chrm/Ice       #.......     98%         3    ####...
 Tukima's Dance           Hex            #.......     98%         3    ####...
 Petrify                  Tmut/Erth      #.......     100%        4    #####..
 Summon Ice Beast         Ice/Summ       #.......     100%        4    #####..
 Throw Icicle             Conj/Ice       #.......     100%        4    #####..
 Metabolic Englaciation   Hex/Ice        #.........   100%        5    ######.
 Yara's Violent Unravell  Hex/Tmut       #.........   100%        5    ######.


Dungeon Overview and Level Annotations

Branches:
Dungeon (10/15)            Temple (1/1) D:7            Lair (2/6) D:8
    Orc (0/2) D:10
  Swamp: Lair:2-4    Shoals: Lair:2-4     Snake: Lair:2-4    Spider: Lair:2-4

Altars:
Ashenzari
Cheibriados
Dithmenos
Elyvilon
Fedhas
Gozag
Hepliaklqana
Kikubaaqudgha
Makhleb
Nemelex Xobeh
Okawaru
Qazlal
Ru
Sif Muna
Trog
Uskayaw
Vehumet
Wu Jian
Xom
Yredelemnul
Zin
The Shining One

Annotations:
D:4 1 runed translucent door, SquishyGarg's ghost, novice GrHu
D:6 3 runed translucent doors, mys's ghost, novice CeWr


Innate Abilities, Weirdness & Mutations

You are small and have problems with some larger weapons.
You are carnivorous and can eat meat at any time.


Message History

The black mamba bites you!
* * * LOW HITPOINT WARNING * * *
The black mamba closely misses you.
You hit the black mamba. You burn the black mamba.
The black mamba is moderately wounded.
You block the black mamba's attack. The black mamba misses you.
You completely miss the black mamba.
The black mamba is moderately wounded.
The black mamba bites you but does no damage.
You hit the black mamba but do no damage.
The black mamba is moderately wounded.
The black mamba bites you!
* * * LOW HITPOINT WARNING * * *
The black mamba closely misses you.
You riposte.
You hit the black mamba. You burn the black mamba.
The black mamba is heavily wounded.
You feel better.
You hear the slow rumble of a distant avalanche of rocks.
The black mamba misses you. The black mamba bites you!
You die...

## ######
#########.######.##.####
........ ..............
##.....P #.###....##P.#
#......###.##.....#....
#P.....##....#.......<.
#.....##..............
#...S@#....##.........
#......'...##....#....
#P.....#.#####.........
##.......# #.........
#......... ...........
..#......... ...........
.............
...≈≈≈≈≈.....
.≈≈≈≈≈≈≈≈P....


You could see a black mamba.

Vanquished Creatures
  Harold (D:8)
  Erica (D:8)
  A deep elf mage (D:8)
  Psyche (D:8)
  Maurice (D:8)
  Joseph (D:8)
  2 spiny frogs
  Prince Ribbit (D:8)
  2 hippogriffs
  Sigmund (D:6)
  Menkaure (D:4)
  A water moccasin (Lair:2)
  A soldier ant (D:10)
  A sky beast (D:9)
  An orc warrior (D:9)
  2 black bears
  3 phantoms
  6 ice beasts
  6 ogres
  A necrophage (D:8)
  3 crocodiles
  3 centaurs
  7 bullfrogs
  A water moccasin skeleton (D:8)
  2 scorpions
  12 wights
  2 howler monkeys
  A quasit (D:7)
  A bullfrog zombie (D:7)
  4 crimson imps
  A centaur zombie (D:5)
  A centaur skeleton (D:8)
  4 hounds
  3 orc priests
  9 jellies
  3 orc wizards
  9 worker ants
  Terence (D:2)
  A hound zombie (D:6)
  A howler monkey zombie (D:6)
  A worker ant zombie (D:9)
  4 gnolls (D:5)
  A howler monkey skeleton (D:4)
  10 adders
  6 shadow imps
  5 oozes (D:8)
  An adder skeleton (D:6)
  3 worms (D:2)
  6 dart slugs
  7 leopard geckos
  27 orcs
  3 bats
  A giant cockroach (D:4)
  5 goblins
  9 hobgoblins
  18 jackals
  7 kobolds
  2 ball pythons (D:1)
  11 frilled lizards
  A jackal skeleton (D:4)
  A jackal zombie (D:8)
  A quokka skeleton (D:6)
  4 rats
  A fungus (D:8)
239 creatures vanquished.

Vanquished Creatures (others)
  3 fungi (D:6)
  A plant (D:6)
4 creatures vanquished.

Grand Total: 243 creatures vanquished

Notes
Turn   | Place    | Note
-------+----------+-------------------------------------------
     0 | D:1      | Ihlosi the Kobold Fighter began the quest for the Orb.
     0 | D:1      | Reached XP level 1. HP: 14/14 MP: 1/1
    36 | D:1      | Reached XP level 2. HP: 4/19 MP: 2/2
   391 | D:1      | Reached XP level 3. HP: 21/23 MP: 3/3
   882 | D:2      | Noticed Terence
  1118 | D:2      | Killed Terence
  1118 | D:2      | Reached skill level 1 in Dodging
  1118 | D:2      | Reached XP level 4. HP: 21/29 MP: 4/4
  1299 | D:2      | Found a shadowy altar of Dithmenos.
  1310 | D:2      | Found an opulent altar of Gozag.
  1313 | D:2      | Found a hide-covered altar of Uskayaw.
  1316 | D:2      | Found an ancient bone altar of Kikubaaqudgha.
  1380 | D:2      | Reached XP level 5. HP: 7/33 MP: 5/5
  1711 | D:2      | Reached skill level 4 in Fighting
  1850 | D:3      | Found an ornate altar of the Wu Jian Council.
  2342 | D:3      | Found a white marble altar of Elyvilon.
  2564 | D:3      | Reached skill level 1 in Evocations
  2564 | D:3      | Reached XP level 6. HP: 29/38 MP: 6/6
  2899 | D:3      | Reached XP level 7. HP: 42/44 MP: 8/8
  3226 | D:4      | Found a runed translucent door.
  3229 | D:4      | Noticed SquishyGarg's ghost (novice GrHu)
  3229 | D:4      | Noticed a shadow
  3734 | D:4      | Noticed Menkaure
  3740 | D:4      | Killed Menkaure
  3973 | D:5      | Entered Level 5 of the Dungeon
  4107 | D:5      | Reached XP level 8. HP: 46/48 MP: 9/9
  4180 | D:5      | Reached skill level 5 in Fighting
  4686 | D:5      | Found a sparkling altar of Nemelex Xobeh.
  4839 | D:6      | Noticed Sigmund
  4884 | D:6      | Found a runed translucent gate.
  4884 | D:6      | Found a runed translucent gate.
  4884 | D:6      | Noticed a kobold demonologist
  4885 | D:6      | Found a runed translucent gate.
  4885 | D:6      | Noticed mys's ghost (novice CeWr)
  4952 | D:6      | Reached XP level 9. HP: 48/54 MP: 11/11
  5080 | D:6      | Killed Sigmund
  5080 | D:6      | Reached skill level 6 in Fighting
  5080 | D:6      | Reached skill level 5 in Shields
  5481 | D:6      | Reached skill level 5 in Armour
  5987 | D:7      | Found a staircase to the Ecumenical Temple.
  6018 | Temple   | Entered the Ecumenical Temple
  6158 | Temple   | Became a worshipper of the Shining One
  6248 | D:7      | Found a sacrificial altar of Ru.
  6516 | D:7      | Found a hazy altar of Hepliaklqana.
  6763 | D:7      | Reached skill level 7 in Fighting
  6793 | D:7      | Reached XP level 10. HP: 51/63 MP: 13/13
  7005 | D:7      | Reached skill level 5 in Long Blades
  7163 | D:8      | Found a staircase to the Lair.
  7391 | D:8      | You fall through a shaft!
  7398 | D:8      | Reached * piety under the Shining One
  7412 | D:8      | Reached skill level 5 in Dodging
  7441 | D:8      | Noticed a deep elf mage
  7457 | D:8      | Killed a deep elf mage
  7457 | D:8      | Reached skill level 5 in Evocations
  7511 | D:8      | Noticed Maurice
  7515 | D:8      | Reached skill level 8 in Fighting
  7550 | D:8      | Killed Maurice
  7608 | D:8      | Noticed Harold
  7630 | D:8      | Killed Harold
  7840 | D:8      | Noticed Psyche
  7844 | D:8      | Killed Psyche
  7844 | D:8      | Reached XP level 11. HP: 64/69 MP: 15/15
  7908 | D:8      | Noticed Joseph
  7921 | D:8      | Killed Joseph
  8227 | D:8      | Noticed Erica
  8253 | D:9      | Reached skill level 9 in Fighting
  8277 | D:8      | Killed Erica
  8347 | D:8      | Noticed Prince Ribbit
  8354 | D:8      | Killed Prince Ribbit
  8555 | D:9      | Learned a level 1 spell: Apportation
  8733 | D:9      | Reached ** piety under the Shining One
  9083 | D:10     | Entered Level 10 of the Dungeon
  9083 | D:10     | Found an ancient bone altar of Kikubaaqudgha.
  9182 | D:10     | Found a staircase to the Orcish Mines.
  9941 | Lair:1   | Entered Level 1 of the Lair of Beasts
 10026 | Lair:1   | You fall through a shaft!
 10126 | Lair:2   | Slain by a black mamba

Skill      XL: |  1  2  3  4  5  6  7  8  9 10 11 |
---------------+----------------------------------+-----
Long Blades    | 2 3 4 6 8 |  8.5
Dodging        | 1 2 3 4 5 6 |  6.0
Armour         | 3 4 5 6 |  6.2
Fighting       | 4 5 7 8 9 |  9.6
Shields        | 3 4 5 6 |  6.0
Evocations     | 1 2 3 4 5 6 |  6.1

Action                   |  1- 3 |  4- 6 |  7- 9 | 10-12 || total
-------------------------+-------+-------+-------+-------++-------
Melee: Long sword        |    83 |   174 |       |    99 ||   356
       Morningstar       |       |    12 |   264 |    66 ||   342
       Scimitar          |       |       |       |   102 ||   102
Evoke: Wand              |       |     1 |     1 |    12 ||    14
  Use: Potion            |     1 |     1 |     1 |     7 ||    10
       Scroll            |       |       |     9 |    13 ||    22
 Stab: Paralysed         |       |       |     1 |       ||     1
       Invisible         |       |       |     1 |       ||     1
  Eat: Chunk             |     6 |     6 |    14 |    10 ||    36
Armor: Scale mail        |    33 |    81 |    99 |    60 ||   273
       Skin              |       |       |       |     2 ||     2
Dodge: Dodged            |    25 |    66 |   119 |   106 ||   316
Block: Shield            |    40 |    89 |   176 |   104 ||   409
       Buckler           |       |       |       |    14 ||    14
       Rpst.: Long sword |    10 |    23 |       |     9 ||    42
       Scimitar          |       |       |       |    14 ||    14
